AoeStats
← NuMa | Gacha

Hill Fort

505520556Analyzed
2v2 RM · 24d ago on Sep 9, 2026· 47m 53s· 4 players
Game mode
Random Map
Map size
Medium (4 player)
Population
200
Speed
Normal
Resources
Standard
Victory
Conquest
Starting age
Dark Age
Ending age
Imperial Age
RankedLock teamsTeams togetherTeam positionsShared explorationLock speedFull tech treeHidden civsTurbo modeCheats
Victory
Defeat
🇹🇷 Turks · Türkiye
1064
+13
🇨🇴 Italians · Colombia
1019
+15
🇬🇧 Celts · United Kingdom
1034
-15
🇮🇹 Huns · Italy
968
-13
Mehaverage
3:23 Loom
11:27 Feudal Age
18:47 Castle Age
17:46 Scale Barding Armor
18:23 Forging
24:20 Stone Mining
26:40 Gold Mining
29:30 Wheelbarrow
36:44 Imperial Age
35:03 Fletching
36:07 Bodkin Arrow
36:13 Padded Archer Armor
35:51 Elite Skirmisher
36:30 Double-Bit Axe
37:48 Leather Archer Armor
39:16 Chemistry
39:15 Ballistics
40:24 Scale Mail Armor
41:00 Iron Casting
41:18 Conscription
43:14 Chain Mail Armor
44:56 Plate Mail Armor
45:26 Blast Furnace
44:58 Gambesons
Gimmopr0
10:03 Feudal Age
10:31 Double-Bit Axe
10:26 Horse Collar
16:47 Bloodlines
20:01 Castle Age
19:42 Bloodlines
20:08 Bloodlines
20:08 Gold Mining
21:41 Stone Mining
22:27 Gold Shaft Mining
22:03 Bow Saw
21:55 Heavy Plow
22:23 Scale Barding Armor
22:49 Fletching
27:40 Scale Barding Armor
29:22 Husbandry
32:24 Imperial Age
31:20 Marauders
34:17 Forging
35:17 Ballistics
35:08 Masonry
35:22 Ballistics
35:24 Chain Barding Armor
36:08 Iron Casting
36:03 Parthian Tactics
35:47 Loom
36:38 Wheelbarrow
35:49 Town Watch
38:19 Plate Barding Armor
38:46 Blast Furnace
37:41 Bodkin Arrow
37:48 Padded Archer Armor
38:58 Chemistry
37:53 Murder Holes
38:10 Heavy Cavalry Archer
40:28 Hand Cart
40:51 Elite Tarkan
41:55 Conscription
45:56 Bracer
46:11 Leather Archer Armor
46:21 Elite Skirmisher
ertunç (Kingpin)
14:14 Feudal Age
14:03 Loom
20:08 Castle Age
18:18 Double-Bit Axe
18:15 Horse Collar
18:32 Stone Mining
23:12 Bow Saw
23:07 Heavy Plow
24:38 Gold Mining
25:39 Fletching
28:03 Ballistics
31:54 Imperial Age
31:00 Masonry
30:48 Bodkin Arrow
30:54 Padded Archer Armor
31:50 Forging
31:45 Scale Barding Armor
31:46 Husbandry
31:57 Bloodlines
32:47 Leather Archer Armor
33:17 Conscription
32:42 Elite Janissary
34:33 Artillery
35:11 Bracer
36:47 Iron Casting
36:44 Ring Archer Armor
37:39 Chain Barding Armor
37:55 Iron Casting
39:12 Plate Barding Armor
40:10 Architecture
39:36 Murder Holes
42:33 Blast Furnace
NuMa | Gacha
11:55 Feudal Age
16:34 Castle Age
15:12 Gold Mining
15:10 Double-Bit Axe
18:30 Loom
19:38 Pikeman
26:50 Wheelbarrow
33:35 Hand Cart
34:17 Hand Cart
34:39 Town Watch
38:19 Imperial Age
38:35 Fletching
38:46 Padded Archer Armor
40:09 Chemistry
39:33 Ballistics
38:55 Elite Skirmisher
39:50 Bodkin Arrow
41:07 Onager
45:19 Bracer
47:08 Elite Genoese Crossbowman
47:19 Elite Genoese Crossbowman
Connection lost

Rejoining the realm…

Still unreachable

The connection could not be restored.

Session expired

The server has moved on; the page needs a fresh start.